 Dungeon Crawl Stone Soup version 0.26-a0-664-gc8b27b8fc1 (webtiles) character file.

Game seed: 8198122968745857906

32 Decritt the Digger (level 3, 19/19 HPs)
             Began as a Gargoyle Earth Elementalist on Oct 13, 2020.
             Quit the game on level 1 of the Dungeon.
             The game lasted 00:02:38 (849 turns).

Decritt the Digger (Gargoyle Earth Elementalist)     Turns: 849, Time: 00:02:38

Health: 19/19      AC:  5    Str: 11    XL:     3   Next: 25%
Magic:  6/7        EV: 12    Int: 16    God:
Gold:   25         SH:  0    Dex: 10    Spells: 6/7 levels left

rFire    x . .     SeeInvis .   (no weapon)
rCold    + . .     Faith    .   (no shield)
rNeg     + . .     Spirit   .   c - +0 robe
rPois    ∞         Reflect  .   (no helmet)
rElec    +         Harm     .   (no cloak)
rCorr    .         Rampage  .   (no gloves)
MR       .....                  (no boots)
Stlth    ++........             (no amulet)
HPRegen  0.06/turn              g - ring of ice
MPRegen  0.10/turn              (no ring)

@: no status effects
A: negative energy resistance 1, electricity resistance, unbreathing,
petrification resistance, rot immunity, AC +3
a: no special abilities


You were on level 1 of the Dungeon.
You visited 1 branch of the dungeon, and saw 1 of its levels.

You collected 25 gold pieces.

Inventory:

Missiles
 b - 15 stones (quivered)
Armour
 c - a +0 robe (worn)
Jewellery
 g - a ring of ice (left hand)
Scrolls
 a - a scroll of identify {unknown}
 d - a scroll of fog {unknown}
 e - a scroll of amnesia {unknown}
Potions
 f - a potion of curing {unknown}
 h - 2 potions of ambrosia {unknown}


   Skills:
 - Level 1.5 Dodging
 - Level 2.1 Stealth
 * Level 2.7 Spellcasting
   Level 0.7 Transmutations
 * Level 4.4 Earth Magic


You had 6 spell levels left.
You knew the following spells:

 Your Spells              Type           Power        Failure   Level
a - Sandblast             Erth           ###...       3%          1

Your spell library contained the following spells:

 Spells                   Type           Power        Failure   Level
 Passwall                 Tmut/Erth      ##......     10%         2
 Stone Arrow              Conj/Erth      #.....       22%         3
 Petrify                  Tmut/Erth      ##......     54%         4
 Lee's Rapid Deconstruct  Erth           ###.......   65%         5


Dungeon Overview and Level Annotations

Branches:
Dungeon (1/15)

Altars:


Innate Abilities, Weirdness & Mutations

You are resistant to torment.
Your stone body is resilient. (AC +3)
You are immune to poison.
You resist negative energy. (rN+)
You are resistant to electric shocks. (rElec)
You can survive without breathing.
You are immune to petrification.
You are immune to rotting.


Message History

Confirm with . or Enter, or press ? or * to list all spells.
Aiming: Sandblast (safe; 3% risk of failure)
Press: ? - help, Shift-Dir - straight line, f - kobold
Aim: a kobold, wielding a +0 dagger and quivering 5 stones The blast of sand hits the kobold.
You kill the kobold!
b - 11 stones
b - 16 stones (gained 5)
You see here a +0 dagger.
A kobold comes into view. It is wielding a +0 dagger.
Casting: Sandblast (safe; 3% risk of failure)
Confirm with . or Enter, or press ? or * to list all spells.
Aiming: Sandblast (safe; 3% risk of failure)
Press: ? - help, Shift-Dir - straight line, f - kobold
Aim: a kobold, wielding a +0 dagger The blast of sand hits the kobold.
You kill the kobold!
b - 15 stones Unknown command.
Are you sure you want to abandon this character and quit the game? (Confirm with "yes".)

#.#.####..######.#..# #.##
#.#.# #..# #.#..# #.##
#.#(# #..## #>#..# #...
#.#.## #...# #....####.##
#....###.#.## #.##........
#...........####.##.####.#.
#................##........
###.#####...#####........#.
#.# ##@## #.########. #.#
#.# #.# #. ########.# ...
#.# #. #........# #.).. ..#
#. #.######.# #...## ### #.
#.# #.# ##### ##. #.# #.#
########.. #.# #.#
#.(....... #.# #.#
#.######..


There were no monsters in sight!

Vanquished Creatures
  An ooze (D:1)
  3 leopard geckos (D:1)
  3 bats (D:1)
  A giant cockroach (D:1)
  3 goblins (D:1)
  2 hobgoblins (D:1)
  2 jackals (D:1)
  A frilled lizard (D:1)
  3 kobolds (D:1)
  5 rats (D:1)
24 creatures vanquished.

Notes
Turn   | Place    | Note
-------+----------+-------------------------------------------
     0 | D:1      | Decritt the Gargoyle Earth Elementalist began the quest for
                  | the Orb.
     0 | D:1      | Reached XP level 1. HP: 10/10 MP: 3/3
   154 | D:1      | Reached XP level 2. HP: 15/15 MP: 0/5
   251 | D:1      | Reached skill level 4 in Earth Magic
   506 | D:1      | Reached XP level 3. HP: 19/19 MP: 4/6
   849 | D:1      | Quit the game

Illustrated notes

Levels and vault maps discovered:
D:1:      lemuel_arrival_muddy, layout_loops_ring, skrybe_limestone_x

Skill      XL: |  1  2 |
---------------+-------+-----
Earth Magic    | 4 |  4.4
Dodging        | |  1.5
Stealth        | |  2.1
Spellcasting   | |  2.7
Transmutations | |  0.7

Action                   || total
-------------------------++-------
Melee: Unarmed           ||    10
Throw: Stone             ||     4
 Cast: Sandblast         ||    31
Armor: Robe              ||     4
Dodge: Dodged            ||    13

Table legend: (Time is in decaauts)
 A = Elapsed time spent in this place.
 B = Non-inter-level travel time spent in this place.
 C = Inter-level travel time spent in this place.
 D = Time resting spent in this place.
 E = Time spent auto-exploring this place.
 F = Levels seen in this place.
 G = Mean time per level.
                   A        B        C        D        E       F      G
               +--------+--------+--------+--------+--------+-----+--------+
         Total |    849 |    849 |      0 |      0 |    741 |   1 |  849.0 |
       Dungeon |    849 |    849 |      0 |      0 |    741 |   1 |  849.0 |
               +--------+--------+--------+--------+--------+-----+--------+

Top non-repeatable levels by time:
     D:1: 849 daAuts
